 Dungeon Crawl Stone Soup version 0.26-a0-284-g73c0fb6129 (webtiles) character file.

Game seed: 945021220333829285

2620 MrRokkomies the Tainter (level 9, -1/51 HPs)
             Began as an Octopode Venom Mage on July 13, 2020.
             Was a Believer of Nemelex Xobeh.
             Slain by an orc
             ... wielding a +0 trident
              (6 damage)
             ... in a bailey.
             The game lasted 00:23:19 (9522 turns).

MrRokkomies the Tainter (Octopode Venom Mage)       Turns: 9522, Time: 00:23:20

Health: -1/51      AC:  5    Str:  7    XL:     9   Next: 60%
Magic:  12/12      EV: 17    Int: 20    God:    Nemelex Xobeh [**....]
Gold:   350        SH:  0    Dex: 13    Spells: 2/12 levels left

rFire    . . .     SeeInvis .   b - +0 dagger (curse)
rCold    . . .     Faith    .   (no shield)
rNeg     . . .     Spirit   .   (helmet restricted)
rPois    +         Reflect  .   (no amulet)
rElec    .         Harm     .   i - +4 ring of protection
rCorr    .                      t - ring of poison resistance
MR       .....                  (no ring)
Stlth    +++++.....             (no ring)
HPRegen  0.17/turn              (no ring)
MPRegen  0.13/turn              (no ring)
                                (no ring)
                                (no ring)

@: no status effects
A: almost no armour, stealthy swim, amphibious, 8 rings, constrict 8, camouflage
1, gelatinous body 1
a: Draw Escape, Draw Destruction, Draw Summoning, Renounce Religion


You were in a bailey.
You worshipped Nemelex Xobeh.
Nemelex Xobeh was pleased with you.
You visited 1 branch of the dungeon, and saw 8 of its levels.
You also visited: Bailey.

You collected 350 gold pieces.

Inventory:

Hand Weapons
 a - a +0 dagger
 b - a cursed +0 dagger (weapon)
 q - a +2 dagger of draining
Missiles
 h - 6 javelins
 k - 7 curare-tipped darts (quivered)
Jewellery
 i - a +4 ring of protection (left tentacle)
 t - a ring of poison resistance (right tentacle)
Wands
 r - a wand of polymorph (4)
Scrolls
 f - 8 scrolls of teleportation
Potions
 c - a potion of flight
 d - 4 potions of curing
 e - a potion of brilliance
 g - 2 potions of might
 j - a potion of mutation {unknown}
 l - 2 potions of stabbing
 m - a potion of lignification
 n - a potion of ambrosia {unknown}
 o - 3 potions of cancellation
 p - a potion of magic {unknown}


   Skills:
 + Level 7.0 Dodging
 + Level 8.1 Stealth
 - Level 2.0 Spellcasting
 * Level 5.1 Hexes
 - Level 1.0 Transmutations
 - Level 8.1 Poison Magic
 * Level 5.0 Invocations


You had 2 spell levels left.
You knew the following spells:

 Your Spells              Type           Power        Failure   Level
a - Sting                 Tmut/Pois      ###.         2%          1
b - Poisonous Vapours     Pois/Air       ###...       4%          2
c - Olgreb's Toxic Radia  Pois           ####....     5%          4
d - Confusing Touch       Hex            ###.....     6%          3

Your spell library contained the following spells:

 Spells                   Type           Power        Failure   Level
 Corona                   Hex            ###....      1%          1
 Ensorcelled Hibernation  Hex/Ice        ##....       9%          2
 Tukima's Dance           Hex            ###.....     6%          3
 Ignite Poison            Fire/Tmut/Pois ##......     14%         3
 Mephitic Cloud           Conj/Pois/Air  ##......     16%         3
 Dazzling Flash           Conj/Hex       ##....       17%         3


Dungeon Overview and Level Annotations

Branches:
Dungeon (8/15)             Temple (0/1) D:5          Bailey (1/1)
   Lair: D:8-11

Altars:
Cheibriados
Elyvilon
Fedhas
Gozag
Nemelex Xobeh
Ru
Trog
Vehumet
Wu Jian
Xom


Innate Abilities, Weirdness & Mutations

You cannot wear most types of armour.
You are very stealthy in the water. (Stealth+)
You are amphibious.
You can wear up to eight rings at the same time.
You can use your tentacles to constrict eight enemies at once.
Your skin changes colour to match your surroundings (Stealth+).
Your rubbery body absorbs attacks. (AC +1, EV +1)


Message History

You constrict the orc, but do no damage.
The orc hits you with a +0 trident! The orc closely misses you.
You release your grip on the orc.
The orc completely misses you. The orc hits you but does no damage.
You hit the orc but do no damage. Your grab misses the orc.
The orc hits you with a +0 trident. The orc hits you with a +0 spear!
* * * LOW HITPOINT WARNING * * *
You hit the orc but do no damage. You grab the orc.
You constrict the orc, but do no damage.
The orc hits you with a +0 trident!
* * * LOW HITPOINT WARNING * * *
The orc hits you but does no damage.
You hit the orc but do no damage. You constrict the orc.
The orc barely misses you. The orc closely misses you.
You closely miss the orc. Your grab misses the orc.
The orc is almost dead.
You constrict the orc. The orc misses you.
You release your grip on the orc.
The orc hits you with a +0 trident.
You die...
Your body glows slightly and disappears.

#...#..≈≈.)≈≈≈≈≈≈≈)
#..⌠#.≈≈.≈≈≈.....≈≈
#..##)≈.≈≈).≈≈≈≈≈..
#..#.≈≈.≈.≈≈≈...≈≈≈
+..#.≈.≈≈)≈..⌠.⌠..≈
+..#)≈...)≈..\\\...
+..#.≈.≈≈.≈..⌠.⌠..≈
#..#.≈≈.≈.≈≈≈...≈≈≈
#o@##)≈.≈≈..≈≈≈≈≈..
#..⌠#.≈≈.≈≈≈.....≈≈
#.o.#..≈≈..≈≈≈≈≈≈≈.
#...#.⌠.≈≈≈.......≈
#...##....≈≈≈≈≈≈≈≈≈
#....#####.........
#..... #########
##.... ##....


You could see 2 orcs.

Vanquished Creatures
  2 ice beasts
  4 orc warriors (Bailey)
  An ogre (D:6)
  7 centaurs
  A crocodile (D:7)
  2 bullfrogs
  A scorpion (D:5)
  9 killer bees
  A centaur zombie (D:6)
  2 hounds
  6 orc priests
  Jessica (D:3)
  3 iguanas (D:4)
  3 orc wizards (D:4)
  3 worker ants
  3 gnolls (D:3)
  5 adders
  A white imp (D:5)
  An adder zombie (D:7)
  2 worms (D:2)
  3 dart slugs
  A leopard gecko (D:3)
  28 orcs
  6 bats
  2 giant cockroaches
  4 goblins
  4 hobgoblins
  4 jackals (D:3)
  3 quokkas
  2 ball pythons
  6 frilled lizards
  A jackal skeleton (D:4)
  2 kobolds (D:1)
  A leopard gecko zombie (D:6)
  A quokka skeleton (D:5)
  A quokka zombie (D:6)
  5 rats
132 creatures vanquished.

Vanquished Creatures (collateral kills)
  An ice beast (D:5)
1 creature vanquished.

Grand Total: 133 creatures vanquished

Notes
Turn   | Place    | Note
-------+----------+-------------------------------------------
     0 | D:1      | MrRokkomies the Octopode Venom Mage began the quest for the
                  | Orb.
     0 | D:1      | Reached XP level 1. HP: 11/11 MP: 3/3
   357 | D:1      | Reached XP level 2. HP: 14/17 MP: 5/5
  1278 | D:2      | Reached XP level 3. HP: 21/21 MP: 1/6
  1331 | D:2      | Learned a level 2 spell: Poisonous Vapours
  1929 | D:2      | Found a sacrificial altar of Ru.
  2720 | D:3      | Reached XP level 4. HP: 19/27 MP: 0/7
  2912 | D:3      | Noticed Jessica
  2923 | D:3      | Killed Jessica
  2923 | D:3      | Reached skill level 5 in Poison Magic
  2989 | D:3      | Learned a level 4 spell: Olgreb's Toxic Radiance
  3219 | D:3      | Reached XP level 5. HP: 30/31 MP: 3/8
  3493 | D:4      | Reached XP level 6. HP: 15/36 MP: 3/9
  4211 | D:4      | Reached skill level 5 in Stealth
  4228 | D:4      | Reached XP level 7. HP: 26/41 MP: 1/10
  4435 | D:4      | Reached skill level 5 in Dodging
  4684 | D:5      | Entered Level 5 of the Dungeon
  5221 | D:5      | Found a bloodstained altar of Trog.
  5231 | D:5      | Found a white marble altar of Elyvilon.
  5294 | D:5      | Reached XP level 8. HP: 33/46 MP: 2/11
  5659 | D:5      | Learned a level 3 spell: Confusing Touch
  5956 | D:5      | Found a blossoming altar of Fedhas.
  5959 | D:5      | Found a snail-covered altar of Cheibriados.
  5978 | D:5      | Found a sparkling altar of Nemelex Xobeh.
  5981 | D:5      | Found an ornate altar of the Wu Jian Council.
  5988 | D:5      | Became a worshipper of Nemelex Xobeh the Trickster
  6008 | D:5      | Reached skill level 1 in Hexes
  6280 | D:5      | Found a staircase to the Ecumenical Temple.
  6534 | D:5      | Received a gift from Nemelex Xobeh
  6640 | D:5      | Identified the -2 hand axe "Hibeo" {flame, +Blink Dex+2}
  6840 | D:6      | Reached skill level 1 in Invocations
  6878 | D:6      | Found an opulent altar of Gozag.
  6972 | D:6      | Reached * piety under Nemelex Xobeh
  7492 | D:6      | Found a radiant altar of Vehumet.
  8211 | D:7      | Reached XP level 9. HP: 51/51 MP: 12/12
  8458 | D:7      | Reached ** piety under Nemelex Xobeh
  8465 | D:7      | Found a bloodstained altar of Trog.
  8515 | D:7      | Found a shimmering altar of Xom.
  8516 | D:7      | Found a shimmering altar of Xom.
  8516 | D:7      | Found a shimmering altar of Xom.
  8517 | D:7      | Found a shimmering altar of Xom.
  8925 | D:8      | Found a flagged portal.
  8973 | Bailey   | Entered a bailey
  9402 | Bailey   | Reached skill level 5 in Hexes
  9402 | Bailey   | Reached skill level 5 in Invocations
  9522 | Bailey   | Slain by an orc

Illustrated notes

Levels and vault maps discovered:
D:1:      roderic_octagonal_star, layout_loops_ring
D:2:      layout_basic, nicolae_ru_path_of_blood
D:3:      layout_basic, uniq_jessica
D:4:      layout_cave_pools, serial_bayou, serial_bayou_lagoon_b,
          serial_bayou_shore_b, serial_bayou_lagoon_a, serial_bayou_pond_b
D:5:      layout_loops_corners, grunt_temple_overflow_cloverleaf,
          amethyst_overflow_temple_binary, minmay_temple_entry_statues_pillars
D:6:      layout_gridville, lemuel_crystal_altar, grunt_gozag_statues, hex_tiny,
          nrook_pool_corridor
D:7:      layout_rooms, basic_altar, xom_shifter_show
D:8:      layout_basic, erik_lair_orcish_takeover, enter_bailey_2
Bailey:   bailey_polearm_flooded_kennysheep, bailey

Skill      XL: |  1  2  3  4  5  6  7  8  9 |
---------------+----------------------------+-----
Stealth        | 3 4 5 6 7 8 |  8.1
Poison Magic   | 4 5 6 7 8 |  8.1
Dodging        | 3 4 5 6 7 |  7.0
Hexes          | 3 5 |  5.1
Invocations    | 3 5 |  5.0
Spellcasting   | |  2.0
Transmutations | |  1.0

Action                   |  1- 3 |  4- 6 |  7- 9 || total
-------------------------+-------+-------+-------++-------
Melee: Dagger            |    88 |    82 |   210 ||   380
       Tentacles         |    12 |    12 |    30 ||    54
       Constrict         |    20 |    24 |    22 ||    66
Throw: Dart              |       |     2 |       ||     2
 Cast: Sting             |     4 |     4 |     8 ||    16
       Poisonous Vapours |     6 |    19 |    23 ||    48
       Olgreb's Toxic Ra |       |     1 |    12 ||    13
       Confusing Touch   |       |       |     4 ||     4
Invok: Draw Destruction  |       |       |     5 ||     5
       Draw Summoning    |       |       |     2 ||     2
  Use: Scroll            |     5 |     2 |     5 ||    12
       Potion            |       |     1 |     1 ||     2
 Stab: Sleeping          |     7 |     1 |    11 ||    19
       Confused          |       |       |     4 ||     4
       Distracted        |       |       |     1 ||     1
Armor: Skin              |     6 |    29 |    72 ||   107
Dodge: Dodged            |    54 |    64 |   161 ||   279

Table legend:
 A = Non-vault XP
 B = Vault XP
 C = Vault XP percentage of total XP
 D = Non-vault monster count
 E = Vault monster count
 F = Vault count percentage of total count
                 A         B        C        D         E       F
            +---------+---------+-------+---------+---------+-------
      Total |    2914 |     830 |  22.2 |     114 |      19 |  14.3
            +---------+---------+-------+---------+---------+-------
        D:1 |      30 |       0 |   0.0 |      18 |       0 |   0.0
        D:2 |      40 |       0 |   0.0 |      13 |       0 |   0.0
        D:3 |     117 |      37 |  24.0 |      18 |       1 |   5.3
        D:4 |     506 |       0 |   0.0 |      22 |       0 |   0.0
        D:5 |     879 |       0 |   0.0 |      16 |       0 |   0.0
        D:6 |     532 |       0 |   0.0 |      14 |       0 |   0.0
        D:7 |     673 |       0 |   0.0 |      11 |       0 |   0.0
        D:8 |     137 |       0 |   0.0 |       2 |       0 |   0.0
     Bailey |       0 |     793 | 100.0 |       0 |      18 | 100.0
            +---------+---------+-------+---------+---------+-------
